 Dungeon Crawl Stone Soup version 0.28.0-45-g0d030f2227 (webtiles) character file.

Game seed: 5908339812979224731

121 protoss039 the Skirmisher (level 5, -2/33 HPs)
             Began as a Gargoyle Fighter on Apr 10, 2022.
             Slain by a wyvern zombie (4 damage)
             ... on level 3 of the Dungeon.
             The game lasted 00:04:38 (2562 turns).

protoss039 the Skirmisher (Gargoyle Fighter)        Turns: 2562, Time: 00:04:38

Health: -2/33      AC: 13    Str: 22    XL:     5   Next: 5%
Magic:  5/5        EV:  9    Int: 11    God:
Gold:   64         SH:  4    Dex:  9    Spells: 4/4 levels left

rFire   . . .      SeeInvis .   o - +1 dagger (venom)
rCold   . . .      Faith    .   c - +0 buckler
rNeg    + . .      Spirit   .   s - +1 scale mail of the Lich-sworn {rElec Int+3}
rPois   ∞          Reflect  .   m - +0 helmet
rElec   +          Harm     .   (no cloak)
rCorr   .          Rampage  .   (no gloves)
Will    .....                   (no boots)
Stlth   ..........              (no amulet)
HPRegen 0.11/turn               (no ring)
MPRegen 0.09/turn               (no ring)

@: no status effects
A: sickness immunity, AC +4, negative energy resistance 1, electricity
resistance, torment resistance 1, petrification resistance
a: no special abilities


You were on level 3 of the Dungeon.
You visited 1 branch of the dungeon, and saw 3 of its levels.

You collected 64 gold pieces.

Inventory:

Hand Weapons
 a - a +0 flail
 o - a +1 dagger of venom (weapon)
 t - the +4 short sword of Zin's Generosity {vorpal, +Blink rF+++ Will- Dex+3}
   (You found it on level 2 of the Dungeon)

   It inflicts extra damage upon your enemies.
   Dex:       It affects your dexterity (+3).
   rF:        It renders you almost immune to fire.
   +Blink:    It lets you blink.
   Will:      It decreases your willpower.
Armour
 b - a +0 scale mail
 c - a +0 buckler (worn)
 m - a +0 helmet (worn)
 s - the +1 scale mail of the Lich-sworn (worn) {rElec Int+3}
   (You found it on level 2 of the Dungeon)

   Int:       It affects your intelligence (+3).
   rElec:     It insulates you from electricity.
Scrolls
 e - a scroll of enchant weapon {unknown}
 f - a scroll of fog {unknown}
 l - 2 scrolls of identify {unknown}
 p - a scroll of amnesia {unknown}
 u - a scroll of immolation {unknown}
Potions
 d - 2 potions of might
 g - a potion of berserk rage {unknown}
 h - a potion of cancellation {unknown}
 i - a potion of ambrosia {unknown}
 j - a potion of degeneration {unknown}
 k - a potion of resistance {unknown}
 n - a potion of flight {unknown}
 q - a potion of brilliance {unknown}
 r - 3 potions of curing {unknown}


   Skills:
 + Level 4.2 Fighting
 + Level 3.0 Maces & Flails
 + Level 4.1 Armour
 + Level 4.1 Shields


You had 4 spell levels left.
You didn't know any spells.
Your spell library contained the following spells:

 Spells                   Type           Power      Damage    Failure   Level
 Magic Dart               Conj           0%         1d3       75%         1
 Call Imp                 Summ           0%         N/A       87%         2
 Mephitic Cloud           Conj/Pois/Air  0%         N/A       98%         3


Dungeon Overview and Level Annotations

Branches:
Dungeon (3/15)

Altars:
Gozag

Shops:
D:2 :**(!


Innate Abilities, Weirdness & Mutations

You are immune to sickness and miasma.
Your stone body is resilient. (AC +4)
You are immune to poison.
You resist negative energy. (rN+)
You are resistant to electric shocks. (rElec)
You are resistant to unholy torment.
You are immune to petrification.


Message History

The wyvern zombie is lightly damaged.
The wyvern zombie bites you.
Unknown command.
You hit the wyvern zombie.
The wyvern zombie is lightly damaged.
The wyvern zombie barely misses you.
Unknown command.
You hit the wyvern zombie.
The wyvern zombie is moderately damaged.
The wyvern zombie barely misses you.
The wyvern zombie bites you but does no damage.
Unknown command.
You hit the wyvern zombie.
The wyvern zombie is moderately damaged.
The wyvern zombie bites you!
Unknown command.
Unknown command.
You hit the wyvern zombie but do no damage.
The wyvern zombie is moderately damaged.
The wyvern zombie bites you.
Unknown command.
You barely miss the wyvern zombie.
The wyvern zombie is moderately damaged.
The wyvern zombie bites you but does no damage. x2
Unknown command.
You hit the wyvern zombie.
The wyvern zombie is moderately damaged.
The wyvern zombie bites you.
Unknown command.
You are too injured to fight recklessly!
Unknown command.
The wyvern zombie bites you.
You hit the wyvern zombie.
The wyvern zombie is heavily damaged.
The wyvern zombie bites you!
* * * LOW HITPOINT WARNING * * *
You hit the wyvern zombie.
The wyvern zombie is heavily damaged.
The wyvern zombie barely misses you. The wyvern zombie bites you.
You die...

#........#####.. ##
##.....#........ ..
##.<.#########. #. #
##+## #. # #. .# #.# #.
#.###.##.# #.# #.
#........# ##.### #.
#...######....########.
#....Z@.....#..........
#...######....#########
##### #...## #...#
#...# ##.## #.# #.# #.#


You could see a wyvern zombie.

Vanquished Creatures
  Jessica (D:2)
  Robin (D:2)
  A gnoll (D:2)
  3 worms (D:2)
  A dart slug (D:1)
  2 ball pythons
  5 bats
  3 endoplasms
  A giant cockroach (D:2)
  6 hobgoblins
  2 jackals (D:2)
  4 kobolds (D:1)
  3 quokkas
  7 frilled lizards
  16 goblins
  2 rats
58 creatures vanquished.

Notes
Turn   | Place    | Note
-------+----------+-------------------------------------------
     0 | D:1      | protoss039 the Gargoyle Fighter began the quest for the
                  | Orb.
     0 | D:1      | Reached XP level 1. HP: 14/14 MP: 1/1
   215 | D:1      | Found a faded altar of an unknown god.
   235 | D:1      | Reached XP level 2. HP: 19/19 MP: 2/2
   679 | D:1      | Reached XP level 3. HP: 13/23 MP: 3/3
  1129 | D:2      | Noticed Robin
  1387 | D:2      | Killed Robin
  1477 | D:2      | Noticed Jessica
  1478 | D:2      | Found Hinank's General Store.
  1492 | D:2      | Killed Jessica
  1493 | D:2      | Reached XP level 4. HP: 27/29 MP: 4/4
  1541 | D:2      | Found Dedi Xuw's Book Boutique.
  1880 | D:2      | Found Walunix's Assorted Antiques.
  1926 | D:2      | Found Zaf Tiuh's Weapon Emporium.
  1983 | D:2      | Found an opulent altar of Gozag.
  2109 | D:2      | Identified the +1 scale mail of the Lich-sworn {rElec
                  | Int+3}
  2124 | D:2      | Identified the +4 short sword of Zin's Generosity {vorpal,
                  | +Blink rF+++ Will- Dex+3}
  2168 | D:2      | Reached XP level 5. HP: 16/33 MP: 5/5
  2416 | D:2      | Found Tipacwi's Distillery.
  2561 | D:3      | HP: 1/33 [wyvern zombie (10)]
  2562 | D:3      | Slain by a wyvern zombie

Illustrated notes

Levels and vault maps discovered:
D:1:      minmay_arrival_checkered_box, layout_loops_ring,
          shapermc_ecumenical_altar_mp_vishouse
D:2:      layout_basic, basic_altar, serial_shops, nicolae_shop_behind_doors,
          shop, nicolae_lakefront_shop, nicolae_shop_stone,
          nicolae_shop_bloodbath_and_beyond, dk_vineyard_1,
          cheibrodos_gnoll_hut, uniq_jessica, uniq_robin
D:3:      layout_loops_corners, kennysheep_generic_room_9

Skill      XL: |  1  2  3  4 |
---------------+-------------+-----
Fighting       | 4 |  4.2
Shields        | 4 |  4.1
Armour         | 4 |  4.1
Maces & Flails | 3 |  3.0

Action                   |  1- 3 |  4- 6 || total
-------------------------+-------+-------++-------
Melee: Flail             |   125 |    18 ||   143
       Dagger            |       |    68 ||    68
Armor: Scale mail        |    88 |    50 ||   138
Dodge: Dodged            |    66 |    34 ||   100
Block: Buckler           |    43 |    11 ||    54
